EVO
UNIVERSITY OF ARIZONA WILDCATS @ UCLA BRUINS
07/18/2044
 
TOP OF THE 1ST
University of Arizona Wildcats batting - Pitching for UCLA Bruins : RHP Justin Swenson
Pitching: RHP Justin Swenson
Batting: RHB Chris Rouleau 0-0: Ball
1-0: Called Strike
1-1: Foul Ball, location: 2F
1-2: Strikes out swinging
Batting: LHB Bruce Arvizu 0-0: Foul Ball, location: 2F
0-1: Fly out, F8 (Flyball, 8LXD, EV 98.1 MPH)
Batting: RHB Andy Bachman 0-0: Called Strike
0-1: Foul Ball, location: 2F
0-2: Strikes out swinging
Top of the 1st over - 0 runs, 0 hits, 0 errors, 0 left on base; University of Arizona 0 - UCLA 0
BOTTOM OF THE 1ST
UCLA Bruins batting - Pitching for University of Arizona Wildcats : RHP Cody Humphries
Pitching: RHP Cody Humphries
Batting: SHB Jay Gagnon 0-0: Ball
1-0: Fly out, F7 (Flyball, 7, EV 96.2 MPH)
Batting: RHB Robby Hickman 0-0: Swinging Strike
0-1: Swinging Strike
0-2: Ball
1-2: Foul Ball, location: 2F
1-2: Ball
2-2: Foul Ball, location: 2F
2-2: Ball
3-2: Strikes out swinging
Batting: RHB German Quiroga 0-0: Foul Ball, location: 2F
0-1: SINGLE (Groundball, 6MD, EV 95.0 MPH)
Batting: RHB Leo Gonzalez 0-0: Swinging Strike
0-1: Ball
1-1: Foul Ball, location: 2F
1-2: Strikes out swinging
Bottom of the 1st over - 0 runs, 1 hit, 0 errors, 1 left on base; University of Arizona 0 - UCLA 0
TOP OF THE 2ND
University of Arizona Wildcats batting - Pitching for UCLA Bruins : RHP Justin Swenson
Batting: RHB Carlos Teniente 0-0: Ball
1-0: Fly out, F4 (Popup, 4S, EV 73.1 MPH)
Batting: RHB Allen Deschamps 0-0: Called Strike
0-1: Ball
1-1: Ball
2-1: Foul Ball, location: 2F
2-2: Ball
3-2: Base on Balls
Batting: RHB Abdel Ambar 0-0: Ball
Wild Pitch!
Allen Deschamps to second
1-0: Foul Ball, location: 2F
1-1: Foul Ball, location: 2F
1-2: Ball
2-2: Ball
Wild Pitch!
Allen Deschamps to third
3-2: Foul Ball, location: 2F
3-2: Strikes out swinging
Batting: SHB Cesar Pelayo 0-0: Called Strike
0-1: Ball
1-1: Foul Ball, location: 2F
1-2: Strikes out looking
Top of the 2nd over - 0 runs, 0 hits, 0 errors, 1 left on base; University of Arizona 0 - UCLA 0
BOTTOM OF THE 2ND
UCLA Bruins batting - Pitching for University of Arizona Wildcats : RHP Cody Humphries
Batting: RHB Alex Collazo 0-0: Ball
1-0: Foul Ball, location: 2F
1-1: Ball
2-1: Called Strike
2-2: Ball
3-2: Ground out 5-3 (Groundball, 5S, EV 67.5 MPH)
Batting: LHB Chris Jackson 0-0: SINGLE (Groundball, 6M, EV 97.5 MPH)
Batting: RHB Rusty Trader Pickoff Throw to First - Error! E1
Chris Jackson to second
0-0: Ball
1-0: Foul Ball, location: 2F
1-1: Foul Ball, location: 2F
1-2: Strikes out swinging
Batting: RHB Lorenzo Diaz 0-0: Ball
1-0: Ball
2-0: Ball
3-0: Base on Balls
Batting: RHB Ernst Meloche 0-0: Called Strike
0-1: Swinging Strike
0-2: Foul Ball, location: 2F
0-2: Strikes out swinging
Bottom of the 2nd over - 0 runs, 1 hit, 1 error, 2 left on base; University of Arizona 0 - UCLA 0
TOP OF THE 3RD
University of Arizona Wildcats batting - Pitching for UCLA Bruins : RHP Justin Swenson
Batting: RHB Costantino Dolfini 0-0: Foul Ball, location: 2F
0-1: Ball
1-1: SINGLE (Line Drive, 4MD, EV 104.4 MPH)
Batting: RHB Vinny Olivo 0-0: Called Strike
0-1: Ball
1-1: Ball
2-1: Foul Ball, location: 2F
2-2: Ball
3-2: Foul Ball, location: 2F
3-2: Strikes out swinging
Costantino Dolfini steals 2nd base
Batter strikes out.
Batting: RHB Chris Rouleau 0-0: Ball
1-0: Ball
2-0: Called Strike
2-1: Called Strike
2-2: Ball
3-2: Ground out 6-3 (Groundball, 6, EV 85.0 MPH)
Batting: LHB Bruce Arvizu 0-0: Swinging Strike
0-1: Ball
1-1: Called Strike
1-2: Ball
2-2: Foul Ball, location: 7LSF, Error on foul ball, E7
2-2: Strikes out swinging
Top of the 3rd over - 0 runs, 1 hit, 1 error, 1 left on base; University of Arizona 0 - UCLA 0
BOTTOM OF THE 3RD
UCLA Bruins batting - Pitching for University of Arizona Wildcats : RHP Cody Humphries
Batting: SHB Jay Gagnon 0-0: Foul Ball, location: 2F
0-1: Called Strike
0-2: Foul Ball, location: 2F
0-2: SINGLE (Groundball, 4D, EV 105.0 MPH)
Batting: RHB Robby Hickman 0-0: Ball
1-0: Foul Ball, location: 2F
1-1: Ball
2-1: Foul Ball, location: 2F
2-2: SINGLE (Line Drive, 4MD, EV 97.5 MPH)
Jay Gagnon to second
Batting: RHB German Quiroga 0-0: Foul Ball, location: 2F
0-1: Fly out, F4 (Line Drive, 4, EV 65.6 MPH)
Batting: RHB Leo Gonzalez 0-0: Foul Ball, location: 2F
0-1: Ball
1-1: Ball
Wild Pitch!
Jay Gagnon to third
Robby Hickman to second
2-1: Called Strike
2-2: Ball
3-2: Foul Ball, location: 2F
3-2: Strikes out swinging
Batting: RHB Alex Collazo 0-0: Swinging Strike
0-1: Swinging Strike
0-2: Foul Ball, location: 2F
0-2: Strikes out looking
Bottom of the 3rd over - 0 runs, 2 hits, 0 errors, 2 left on base; University of Arizona 0 - UCLA 0
TOP OF THE 4TH
University of Arizona Wildcats batting - Pitching for UCLA Bruins : RHP Justin Swenson
Batting: RHB Andy Bachman 0-0: Ball
1-0: Ball
2-0: Ball
3-0: Base on Balls
Batting: RHB Carlos Teniente 0-0: Ball
1-0: Called Strike
1-1: Ball
2-1: Ball
3-1: DOUBLE (Line Drive, 89D, EV 105.0 MPH)
Andy Bachman to third
Batting: RHB Allen Deschamps 0-0: Fly out, F9 (Flyball, 89S, EV 93.1 MPH)
Batting: RHB Abdel Ambar 0-0: Ball
1-0: Called Strike
1-1: Ball
2-1: SINGLE (Line Drive, 6D, EV 103.1 MPH)
Andy Bachman scores
Carlos Teniente to third
Batting: SHB Cesar Pelayo 0-0: Called Strike
0-1: Ball
1-1: Foul Ball, location: 2F
1-2: Ball
2-2: Strikes out swinging
Batting: RHB Costantino Dolfini 0-0: Ball
1-0: Ball
2-0: Foul Ball, location: 2F
2-1: Called Strike
2-2: Ground out 4-3 (Groundball, 4MS, EV 86.9 MPH)
Top of the 4th over - 1 run, 2 hits, 0 errors, 2 left on base; University of Arizona 1 - UCLA 0
BOTTOM OF THE 4TH
UCLA Bruins batting - Pitching for University of Arizona Wildcats : RHP Cody Humphries
Batting: LHB Chris Jackson 0-0: Ball
1-0: Foul Ball, location: 2F
1-1: Foul Ball, location: 2F
1-2: SINGLE (Line Drive, 56, EV 98.8 MPH)
Batting: RHB Rusty Trader 0-0: Called Strike
0-1: Foul Ball, location: 2F
0-2: Ball
1-2: Strikes out looking
Batting: RHB Lorenzo Diaz 0-0: Ball
1-0: Ball
2-0: Foul Ball, location: 2F
2-1: Ball
3-1: Fielders Choice at 2nd, 5-4 (Groundball, 5S, EV 92.5 MPH)
Batting: RHB Ernst Meloche 0-0: Called Strike
0-1: Ball
1-1: Ball
2-1: Ball
3-1: Called Strike
3-2: Strikes out looking
Bottom of the 4th over - 0 runs, 1 hit, 0 errors, 1 left on base; University of Arizona 1 - UCLA 0
TOP OF THE 5TH
University of Arizona Wildcats batting - Pitching for UCLA Bruins : RHP Justin Swenson
Pitching: RHP Armando Berrios
Batting: RHB Vinny Olivo 0-0: Called Strike
0-1: SINGLE (Flyball, 3D, EV 96.9 MPH)
Batting: RHB Chris Rouleau 0-0: Fly out, F8 (Flyball, 8RD, EV 92.5 MPH)
Batting: LHB Bruce Arvizu 0-0: Called Strike
0-1: Called Strike
0-2: Fly out, F7 (Flyball, 7, EV 88.1 MPH)
Batting: RHB Andy Bachman 0-0: Hit by Pitch
Vinny Olivo to second
Pinch Runner at 1st Daigo Ishii:
Batting: RHB Carlos Teniente 0-0: Foul Ball, location: 2F
0-1: Ball
1-1: SINGLE (Line Drive, 89S, EV 112.5 MPH)
Vinny Olivo to third
Daigo Ishii to second
Runner from 3rd tries for Home, SAFE, throw by RF to home
Batting: RHB Allen Deschamps 0-0: Ball
1-0: Ball
2-0: Called Strike
2-1: Ball
3-1: Base on Balls
Daigo Ishii to third
Carlos Teniente to second
Batting: RHB Abdel Ambar 0-0: Ball
1-0: Called Strike
1-1: Foul Ball, location: 2F
1-2: Ball
2-2: Foul Ball, location: 2F
2-2: Ball
3-2: Base on Balls
Daigo Ishii scores
Carlos Teniente to third
Allen Deschamps to second
Batting: SHB Cesar Pelayo 0-0: Ball
1-0: Fly out, F8 (Flyball, 8LXD, EV 111.9 MPH)
Top of the 5th over - 2 runs, 2 hits, 0 errors, 3 left on base; University of Arizona 3 - UCLA 0
BOTTOM OF THE 5TH
UCLA Bruins batting - Pitching for University of Arizona Wildcats : RHP Cody Humphries
Pitching: RHP Oscar Cintron
Batting: SHB Jay Gagnon 0-0: Foul Ball, location: 2F
0-1: Ball
1-1: Called Strike
1-2: Strikes out swinging
Batting: RHB Robby Hickman 0-0: Called Strike
0-1: Foul Ball, location: 2F
0-2: Ball
1-2: SINGLE (Groundball, 6MD, EV 100.0 MPH)
Batting: RHB German Quiroga 0-0: Ball
1-0: SINGLE (Groundball, 34D, EV 108.8 MPH)
Robby Hickman to second
Runner from 2nd tries for 3rd, SAFE, no throw by RF
Batting: RHB Leo Gonzalez 0-0: Ball
1-0: Foul Ball, location: 2F
1-1: 3-RUN HOME RUN (Flyball, 9D, EV 96.9 MPH), Distance : 370 ft
Pitching: RHP Yoshimatsu Sugimoto
Batting: RHB Alex Collazo 0-0: Ball
1-0: Ball
2-0: Ball
3-0: Base on Balls
Batting: LHB Chris Jackson 0-0: Foul Ball, location: 2F
0-1: Ball
1-1: Foul Ball, location: 2F
1-2: Fly out, F7 (Flyball, 7D, EV 81.9 MPH)
Batting: RHB Rusty Trader 0-0: Called Strike
0-1: Called Strike
0-2: Strikes out swinging
Bottom of the 5th over - 3 runs, 3 hits, 0 errors, 1 left on base; University of Arizona 3 - UCLA 3
TOP OF THE 6TH
University of Arizona Wildcats batting - Pitching for UCLA Bruins : RHP Armando Berrios
Batting: RHB Costantino Dolfini 0-0: Called Strike
0-1: Ball
1-1: Foul Ball, location: 2F
1-2: SINGLE (Line Drive, 9LS, EV 95.0 MPH)
Batting: RHB Vinny Olivo 0-0: Swinging Strike
0-1: Ball
1-1: Ball
2-1: Ball
3-1: Fielders Choice at 2nd, 6-4 (Groundball, 6MD, EV 86.9 MPH)
Batting: RHB Chris Rouleau 0-0: Ball
1-0: Ball
2-0: Called Strike
2-1: Called Strike
2-2: Grounds into double play, 6-4-3 (Groundball, 6, EV 101.9 MPH)
Top of the 6th over - 0 runs, 1 hit, 0 errors, 0 left on base; University of Arizona 3 - UCLA 3
BOTTOM OF THE 6TH
UCLA Bruins batting - Pitching for University of Arizona Wildcats : RHP Yoshimatsu Sugimoto
Batting: RHB Lorenzo Diaz 0-0: Ball
1-0: Swinging Strike
1-1: Fly out, F9 (Flyball, 9S, EV 88.8 MPH)
Batting: RHB Ernst Meloche 0-0: Called Strike
0-1: Foul Ball, location: 2F
0-2: Fly out, F8 (Flyball, 8RM, EV 90.0 MPH)
Pinch Hitting: RHB Bill Reader 0-0: Fly out, F9 (Flyball, 9LD, EV 103.1 MPH)
Bottom of the 6th over - 0 runs, 0 hits, 0 errors, 0 left on base; University of Arizona 3 - UCLA 3
TOP OF THE 7TH
University of Arizona Wildcats batting - Pitching for UCLA Bruins : RHP Armando Berrios
Pitching: RHP Felipe Leon
Now at 3B: Bill Reader
Now in CF: Rusty Trader
Batting: LHB Bruce Arvizu 0-0: Ball
1-0: Ball
2-0: Ground out 4-3 (Groundball, 4, EV 84.4 MPH)
Batting: LHB Daigo Ishii 0-0: Swinging Strike
0-1: Fly out, F7 (Line Drive, 7, EV 85.0 MPH)
Batting: RHB Carlos Teniente 0-0: Ball
1-0: Ball
2-0: Called Strike
2-1: Ball
3-1: SOLO HOME RUN (Flyball, 89XD, EV 108.1 MPH), Distance : 427 ft
Batting: RHB Allen Deschamps 0-0: Foul Ball, location: 2F
0-1: Swinging Strike
0-2: Fly out, F4 (Line Drive, 4, EV 68.8 MPH)
Top of the 7th over - 1 run, 1 hit, 0 errors, 0 left on base; University of Arizona 4 - UCLA 3
BOTTOM OF THE 7TH
UCLA Bruins batting - Pitching for University of Arizona Wildcats : RHP Yoshimatsu Sugimoto
Pinch Hitting: LHB Darren Sturgis 0-0: Swinging Strike
0-1: Ball
1-1: Swinging Strike
1-2: Ball
2-2: Foul Ball, location: 2F
2-2: Foul Ball, location: 2F
2-2: Ball
3-2: Foul Ball, location: 2F
3-2: Foul Ball, location: 2F
3-2: Fly out, F9 (Flyball, 89D, EV 88.8 MPH)
Batting: RHB Nate Dabney 0-0: Foul Ball, location: 2F
0-1: SINGLE (Line Drive, 78S, EV 103.8 MPH)
Pitching: RHP Brian Swift
Pinch Hitting: RHB Mike Hill 0-0: Fly out, F8 (Flyball, 8RXD, EV 76.2 MPH)
Pinch Hitting: LHB Tony Leyba 0-0: Called Strike
0-1: Ball
1-1: Ball
2-1: Foul Ball, location: 2F
2-2: Ground out 1-3 (Groundball, 34S, EV 77.5 MPH)
Bottom of the 7th over - 0 runs, 1 hit, 0 errors, 1 left on base; University of Arizona 4 - UCLA 3
TOP OF THE 8TH
University of Arizona Wildcats batting - Pitching for UCLA Bruins : RHP Felipe Leon
Now at 1B: Mike Hill
Now at 2B: Darren Sturgis
Now in RF: Luis Diaz
Pinch Hitting: LHB William Gonzales 0-0: Called Strike
0-1: Ball
1-1: Foul Ball, location: 2F
1-2: Ball
2-2: Ball
3-2: Foul Ball, location: 2F
3-2: SOLO HOME RUN (Flyball, 9LD, EV 93.1 MPH), Distance : 347 ft
Batting: SHB Cesar Pelayo 0-0: Ball
1-0: Foul Ball, location: 2F
1-1: Foul Ball, location: 2F
1-2: SOLO HOME RUN (Line Drive, 9D, EV 97.5 MPH), Distance : 389 ft
Pitching: LHP Loo Lei
Pinch Hitting: SHB Eric Kelley 0-0: Called Strike
0-1: Foul Ball, location: 2F
0-2: Ball
1-2: Strikes out looking
Pinch Hitting: RHB Kevin Steed 0-0: Foul Ball, location: 2F
0-1: Ball
1-1: Swinging Strike
1-2: Ball
2-2: Strikes out looking
Batting: RHB Chris Rouleau 0-0: Ball
1-0: Ball
2-0: Called Strike
2-1: Foul Ball, location: 2F
2-2: Foul Ball, location: 2F
2-2: Ball
3-2: Base on Balls
Pinch Hitting: LHB Asfour bin Sabih 0-0: Fly out, F7 (Flyball, 78XD, EV 93.1 MPH)
Top of the 8th over - 2 runs, 2 hits, 0 errors, 1 left on base; University of Arizona 6 - UCLA 3
BOTTOM OF THE 8TH
UCLA Bruins batting - Pitching for University of Arizona Wildcats : RHP Brian Swift
Now at 1B: William Gonzales
Now at SS: Kevin Steed
Now in LF: Eric Kelley
Now in CF: Yoshihasa Kojima
Batting: LHB Chris Jackson 0-0: Foul Ball, location: 2F
0-1: Called Strike
0-2: Fly out, F8 (Line Drive, 8LM, EV 93.8 MPH)
Batting: RHB Rusty Trader 0-0: Foul Ball, location: 2F
0-1: Ball
1-1: Ball
2-1: SOLO HOME RUN (Flyball, 7LD, EV 98.1 MPH), Distance : 371 ft
Pinch Hitting: RHB Eddie Serna 0-0: Foul Ball, location: 2F
0-1: Ball
1-1: Swinging Strike
1-2: Strikes out swinging
Batting: RHB Ernst Meloche 0-0: Foul Ball, location: 2F
0-1: Called Strike
0-2: Ground out 6-3 (Groundball, 6, EV 81.9 MPH)
Bottom of the 8th over - 1 run, 1 hit, 0 errors, 0 left on base; University of Arizona 6 - UCLA 4
TOP OF THE 9TH
University of Arizona Wildcats batting - Pitching for UCLA Bruins : LHP Loo Lei
Now at SS: Eddie Serna
Batting: RHB Andy Garvin 0-0: Called Strike
0-1: Ball
1-1: Ball
2-1: Fly out, F6 (Popup, 6, EV 65.6 MPH)
Pinch Hitting: LHB Rich Kuehne 0-0: Ball
1-0: Called Strike
1-1: Fly out, F9 (Flyball, 89M, EV 86.2 MPH)
Batting: RHB Allen Deschamps 0-0: Ball
1-0: Ground out 4-3 (Groundball, 34, EV 85.6 MPH)
Top of the 9th over - 0 runs, 0 hits, 0 errors, 0 left on base; University of Arizona 6 - UCLA 4
BOTTOM OF THE 9TH
UCLA Bruins batting - Pitching for University of Arizona Wildcats : RHP Brian Swift
Pitching: RHP Mike Adler
Now in RF: Rich Kuehne
Batting: RHB Bill Reader 0-0: Called Strike
0-1: Ground out 6-3 (Groundball, 6, EV 83.8 MPH)
Batting: LHB Darren Sturgis 0-0: Called Strike
0-1: Foul Ball, location: 2F
0-2: Ball
1-2: Foul Ball, location: 2F
1-2: Ground out 3-1 (Groundball, 34, EV 92.5 MPH)
Batting: RHB Nate Dabney 0-0: Foul Ball, location: 2F
0-1: Ball
1-1: SOLO HOME RUN (Flyball, 7D, EV 101.9 MPH), Distance : 408 ft
Pinch Hitting: RHB Steve Errico 0-0: Called Strike
0-1: Swinging Strike
0-2: Ball
1-2: Strikes out swinging
Bottom of the 9th over - 1 run, 1 hit, 0 errors, 0 left on base; University of Arizona 6 - UCLA 5
Thursday, March 31st , 2022 - OOTP Baseball 22.12 Build 89